 Dungeon Crawl Stone Soup version 0.29.1-12-g30fa7ad0bf (webtiles) character file.

Game seed: 4957068359614216357

175 Wanderer2 the Magician (level 5, -2/33 HPs)
             Began as an Octopode Hedge Wizard on Dec 22, 2022.
             Slain by a hobgoblin (4 damage)
             ... on level 4 of the Dungeon.
             The game lasted 00:36:39 (5499 turns).

Wanderer2 the Magician (Octopode Hedge Wizard)      Turns: 5499, Time: 00:36:43

Health: -2/33      AC:  1    Str:  9    XL:     5   Next: 55%
Magic:  8/11       EV: 13    Int: 17    God:
Gold:   148        SH:  5    Dex: 13    Spells: 3/12 levels left

rFire   + . .      SeeInvis .   a - +0 dagger
rCold   . . .      Faith    .   (no shield)
rNeg    . . .      Spirit   .   b - +0 hat
rPois   .          Reflect  +   v - amulet of reflection
rElec   .          Harm     .   s - ring of protection from fire
rCorr   .          Rampage  .   (no ring)
Will    .....                   (no ring)
Stlth   +++.......              (no ring)
HPRegen 0.11/turn               (no ring)
MPRegen 0.12/turn               (no ring)
                                (no ring)
                                (no ring)

@: no status effects
A: almost no armour, amphibious, 8 rings, camouflage 1, gelatinous body 1,
(nimble swimmer 1), tentacles
a: no special abilities


You were on level 4 of the Dungeon.
You visited 1 branch of the dungeon, and saw 4 of its levels.

You collected 148 gold pieces.

Inventory:

Hand Weapons
 a - a +0 dagger (weapon)
 l - a +2 short sword of draining
 m - a +0 spear
 t - a +0 mace of holy wrath
Missiles
 f - 15 stones
 w - 9 poisoned darts
Armour
 b - a +0 hat (worn)
Magical Staves
 o - a staff of fire
Jewellery
 j - a ring of resist corrosion
 p - a ring of ice
 s - a ring of protection from fire (left tentacle)
 v - an amulet of reflection (around mantle)
Scrolls
 d - 2 scrolls of blinking {unknown}
 g - 5 scrolls of identify {unknown}
 q - a scroll of noise {unknown}
 r - 2 scrolls of magic mapping {unknown}
 u - a scroll of summoning {unknown}
 x - a scroll of poison {unknown}
Potions
 c - a potion of magic
 e - 2 potions of curing {unknown}
 h - 2 potions of attraction {unknown}
 i - 3 potions of heal wounds
 k - a potion of berserk rage {unknown}
 n - a potion of brilliance {unknown}


   Skills:
 - Level 1.0 Fighting
 - Level 2.0 Dodging
 - Level 2.6 Stealth
 - Level 4.0 Spellcasting
 + Level 2.7 Conjurations
 - Level 1.0 Summonings
 - Level 1.0 Translocations
 + Level 2.7 Air Magic


You had 3 spell levels left.
You knew the following spells:

 Your Spells              Type           Power      Damage    Failure   Level
a - Magic Dart            Conj           48%        1d5       4%          1
c - Conjure Flame         Conj/Fire      8%         6-21      26%         3
q - Mephitic Cloud        Conj/Pois/Air  9%         N/A       22%         3
t - Blink                 Tloc           12%        N/A       16%         2

Your spell library contained the following spells:

 Spells                   Type           Power      Damage    Failure   Level
 Searing Ray              Conj           24%        2d5       8%          2
 Freeze                   Ice            12%        1d4       16%         1
 Slow                     Hex            12%        N/A       16%         1
 Call Imp                 Summ           6%         N/A       16%         2
 Frozen Ramparts          Ice            6%         1d1       43%         3
 Fulminant Prism          Conj/Hex       4%         3d6       65%         4
 Hailstorm                Conj/Ice       8%         3d4       65%         4


Dungeon Overview and Level Annotations

Branches:
Dungeon (4/15)
 Temple: D:4-7

Altars:
Gozag
Uskayaw

Annotations:
D:2 Natasha
D:3 exclusion: scorpion, Ijyb, Robin
D:4 exclusion: adder, Grinder


Innate Abilities, Weirdness & Mutations

You cannot wear most types of armour.
You are amphibious.
You can wear up to eight rings at the same time.
Your skin changes colour to match your surroundings (Stealth+).
Your rubbery body absorbs attacks. (AC +1, EV +1)
((You are camouflaged when in or above water. (Stealth+)))
You have tentacles for arms and can constrict up to eight enemies at once.


Message History

* * * LOW HITPOINT WARNING * * *
You hit the necrophage.
The necrophage is heavily damaged.
You constrict the necrophage. The necrophage barely misses you.
You hit the necrophage but do no damage.
You squeeze the necrophage.
The necrophage is severely damaged.
You constrict the necrophage. The necrophage closely misses you.
You hit the necrophage.
The necrophage is almost destroyed.
You constrict the necrophage. The necrophage hits you.
* * * LOW HITPOINT WARNING * * *
You feel drained.
You hit the necrophage.
The necrophage is almost destroyed.
You constrict the necrophage.
You destroy the necrophage!
Your life force feels restored.
You have reached level 5!
You feel clever.
You hit the hobgoblin. Your grab misses the hobgoblin.
The hobgoblin is lightly wounded.
The hobgoblin barely misses you.
You hit the hobgoblin. Your grab misses the hobgoblin.
Your squeeze misses the hobgoblin.
The hobgoblin is moderately wounded.
The hobgoblin barely misses you.
You hit the hobgoblin. You grab the hobgoblin.
The hobgoblin is heavily wounded.
You constrict the hobgoblin, but do no damage.
The hobgoblin barely misses you.
Casting: Conjure Flame (quite dangerous; 26% risk of failure)
Confirm with . or Enter, or press ? or * to list all spells.
Aiming: Magic Dart (safe; 4% risk of failure)
Press: ? - help, Shift-Dir - straight line, f - hobgoblin
Aim: a hobgoblin (heavily wounded, constricted by you, 100% to hit)
The magic dart hits the hobgoblin.
The hobgoblin is heavily wounded.
You constrict the hobgoblin. The hobgoblin hits you.
You die...

...... )# # ....## ##.# . .S
...###..######
.....########.##.........
.........#.......########
#>#.#.............##### #
#...###..†......#...g.## .#
##...##.......##g#####..###.#
.........####..#@# ##.....#
.......### ##...# ###?.##
...#..#### ###.............#
...#.....########.#######....#
...#.#.........##... #.##...
.....######..#..###. #g# #....
...### ##....# . ..# ##.. ...#
###### . .## # ...# .


You could see a hobgoblin.

Vanquished Creatures
  A necrophage (D:4)
  2 adders (D:2)
  2 dart slugs
  5 orcs (D:2)
  7 endoplasms
  4 giant cockroaches
  10 goblins
  10 hobgoblins
  7 jackals
  3 kobolds
  4 quokkas
  4 ball pythons (D:1)
  6 bats
  3 frilled lizards
  7 rats
75 creatures vanquished.

Notes
Turn   | Place    | Note
-------+----------+-------------------------------------------
     0 | D:1      | Wanderer2 the Octopode Hedge Wizard began the quest for the
                  | Orb.
     0 | D:1      | Reached XP level 1. HP: 11/11 MP: 4/4
   139 | D:1      | Found a faded altar of an unknown god.
   327 | D:1      | Reached XP level 2. HP: 17/17 MP: 3/6
   330 | D:1      | Learned a level 2 spell: Blink
  1008 | D:1      | Reached XP level 3. HP: 5/21 MP: 2/8
  1381 | D:1      | Reached skill level 4 in Spellcasting
  2103 | D:1      | Learned a level 3 spell: Mephitic Cloud
  2107 | D:1      | Learned a level 3 spell: Conjure Flame
  2818 | D:2      | Found a hide-covered altar of Uskayaw.
  3116 | D:2      | Noticed Natasha
  3237 | D:2      | Reached skill level 1 in Fighting
  3273 | D:2      | Reached XP level 4. HP: 28/28 MP: 6/10
  3335 | D:2      | Reached skill level 1 in Air Magic
  4411 | D:3      | Noticed Robin
  5070 | D:3      | Found an opulent altar of Gozag.
  5120 | D:3      | Noticed a scorpion
  5130 | D:3      | Noticed Ijyb
  5465 | D:4      | Noticed Grinder
  5475 | D:4      | Noticed a necrophage
  5494 | D:4      | HP: 1/25 [necrophage (4)]
  5495 | D:4      | Killed a necrophage
  5496 | D:4      | Reached XP level 5. HP: 2/33 MP: 8/11
  5499 | D:4      | Slain by a hobgoblin

Illustrated notes

Levels and vault maps discovered:
D:1:      sevenhm_arrival_forest_fort_large_2, layout_basic,
          shapermc_ecumenical_altar_ellora, chequers_mini_garden,
          palyth_stone_intersect, grunt_decor_junction
D:2:      layout_basic, basic_altar, minmay_misc_feat_enclosed, uniq_natasha
D:3:      layout_rooms, mainiacjoe_overflow_boulevard, uniq_robin, uniq_ijyb
D:4:      layout_rooms, nicolae_uskayaw_suspiria, gup_sewer_entry_bubbles,
          uniq_pikel, uniq_grinder

Skill      XL: |  1  2  3  4 |
---------------+-------------+-----
Spellcasting   | 4 |  4.0
Fighting       | 1 |  1.0
Air Magic      | 2 |  2.7
Conjurations   | 2 |  2.7
Dodging        | |  2.0
Stealth        | |  2.6
Summonings     | |  1.0
Translocations | |  1.0

Action                   |  1- 3 |  4- 6 || total
-------------------------+-------+-------++-------
Melee: Dagger            |    34 |    32 ||    66
       Constrict         |     9 |    10 ||    19
       Tentacles         |     4 |     5 ||     9
       Short sword       |     4 |     1 ||     5
       Punch             |       |     1 ||     1
 Cast: Magic Dart        |    92 |    70 ||   162
       Conjure Flame     |       |     1 ||     1
 Stab: Sleeping          |     4 |     7 ||    11
Armor: Skin              |     4 |     2 ||     6
Dodge: Dodged            |    30 |    17 ||    47
Block: Other             |       |     1 ||     1
